 Dungeon Crawl Stone Soup version 0.31-a0-920-g28cbb04a8c (webtiles) character file.

Game seed: 14652153216546399689

2776 Xavori the Trooper (level 9, -15/64 HPs)
             Began as an Octopode Chaos Knight on Oct 17, 2023.
             Was a Plaything of Xom.
             Killed from afar by a steam dragon (25 damage)
             ... with a ball of steam
             ... on level 6 of the Dungeon.
             The game lasted 00:06:55 (10734 turns).

Xavori the Trooper (Octopode Chaos Knight)         Turns: 10734, Time: 00:06:56

Health: -15/64     AC:  3    Str: 10    XL:     9   Next: 70%
Magic:  9/9        EV: 13    Int: 18    God:    Xom [.*....]
Gold:   271        SH:  7    Dex: 15    Spells: 8/8 levels left

rFire   . . .        a - +0 short sword (vamp)
rCold   . . .        c - +0 kite shield
rNeg    . . .        (helmet currently unavailable)
rPois   .            j - amulet of regeneration
rElec   .            p - ring of protection from cold
rCorr   .            (no ring)
SInv    .            (no ring)
Will    .....        (no ring)
Stlth   ++           (no ring)
HPRegen 1.10/turn    (no ring)
MPRegen 0.11/turn    (no ring)
                     (no ring)

%: no passive effects
@: beast-form
A: beast (slay +3), almost no armour, amphibious, 8 rings, camouflage 1,
gelatinous body 1, (nimble swimmer 1), tentacles, iridescent scales 1, clever 1,
cold vulnerability 1
a: Begin Untransformation, Renounce Religion


You were on level 6 of the Dungeon.
You worshipped Xom.
You were a plaything of Xom.
You were a hulking beast.
You visited 1 branch of the dungeon, and saw 6 of its levels.

You collected 271 gold pieces.

Inventory:

Hand Weapons
 a - a +0 vampiric short sword (weapon)
Missiles
 m - 3 throwing nets
Armour
 c - a +0 kite shield (worn)
 i - the +0 hat "Kaf Mama" {rPois Str+3}
   (Xom gifted it to you on level 1 of the Dungeon)

   Str+3:     It affects your strength (+3).
   rPois:     It protects you from poison
Jewellery
 f - an amulet of reflection
 j - an amulet of regeneration (around mantle)
 p - a ring of protection from cold (left tentacle)
Talismans
 e - a beast talisman (active)
Wands
 h - a wand of polymorph (16)
 q - a wand of mindburst (10)
Scrolls
 b - a scroll of butterflies
 l - a scroll of blinking
 n - a scroll of enchant armour
 o - a scroll of revelation
 r - a scroll of fog
 s - a scroll of identify
Potions
 d - a potion of might {unknown}
 g - 5 potions of curing
 k - 2 potions of degeneration {unknown}


   Skills:
 + Level 7.2 Fighting
 + Level 7.2 Short Blades
 + Level 6.9 Dodging
 + Level 5.6 Shapeshifting


You had 8 spell levels left.
You didn't know any spells.
Your spell library contained the following spells:

 Spells                   Type           Power      Damage    Failure   Level
 Magic Dart               Conj           0%         1d3       77%         1
 Slow                     Hex            0%         N/A       77%         1
 Blink                    Tloc           0%         N/A       88%         2
 Ensorcelled Hibernation  Hex/Ice        0%         N/A       88%         2
 Jinxbite                 Hex            0%         N/A       88%         2
 Lesser Beckoning         Tloc           0%         N/A       88%         2
 Momentum Strike          Conj/Tloc      0%         3d8       88%         2
 Searing Ray              Conj           0%         2d4       88%         2
 Confusing Touch          Hex            0%         N/A       98%         3
 Sigil of Binding         Hex            0%         N/A       98%         3
 Tukima's Dance           Hex            0%         N/A       98%         3
 Vampiric Draining        Necr           0%         2d6       98%         3
 Anguish                  Hex/Necr       0%         N/A       100%        4
 Dimensional Bullseye     Hex/Tloc       0%         N/A       100%        4
 Fulminant Prism          Conj/Hex       0%         3d5       100%        4
 Iskenderun's Mystic Bla  Conj/Tloc      0%         2d3       100%        4
 Leda's Liquefaction      Hex/Erth       0%         N/A       100%        4
 Lee's Rapid Deconstruct  Erth           0%         3d4*      100%        5
 Bombard                  Conj/Erth      0%         9d1       100%        6


Dungeon Overview and Level Annotations

Branches:
Dungeon (6/15)             Temple (0/1) D:4

Altars:
Dithmenos
Qazlal

Shops:
D:6 :


Innate Abilities, Weirdness & Mutations

You are a hulking beast.
Your limbs bulge with bestial killing power. (Slay +3)
You cannot wear most types of armour.
You are amphibious.
You can wear up to eight rings at the same time.
Your skin changes colour to match your surroundings (Stealth+).
Your rubbery body absorbs attacks. (AC +1, EV +1)
((You are camouflaged when in or above water. (Stealth+)))
You have tentacles for arms and can constrict up to eight enemies at once.
You are partially covered in iridescent scales. (AC +2)
Your mind is acute. (Int +4, Str/Dex -1)
You are vulnerable to cold. (rC-)


Message History

You hit Menkaure but do no damage. You squeeze Menkaure.
Menkaure is severely damaged.
You constrict Menkaure. You block Menkaure's attack.
You hit Menkaure but do no damage.
Menkaure is severely damaged.
You constrict Menkaure.
The gnoll is no longer moving quickly.
Menkaure completely misses you.
The gnoll bouda barks out a call to the hunt!
The gnoll picks up the pace!
You hit Menkaure.
Menkaure is severely damaged.
You constrict Menkaure. Menkaure casts a spell at you.
Pain shoots through your body!
You hit Menkaure.
Menkaure is almost destroyed.
You constrict Menkaure. Menkaure hits you.
Menkaure whispers in an indecipherable tongue.
Menkaure barely misses you.
You barely miss Menkaure.
Menkaure is almost destroyed.
You constrict Menkaure.
You destroy Menkaure!
The steam dragon breathes steam at you. The ball of steam hits you!
You are engulfed in a cloud of scalding steam.
The steam dragon bites you! The steam dragon barely misses you.
The gnoll bouda closely misses you.
You see here a +0 whip.
You closely miss the gnoll bouda. Your grab misses the gnoll bouda.
The gnoll bouda is moderately wounded.
You are engulfed in a cloud of scalding steam.
* * * LOW HITPOINT WARNING * * *
The steam dragon bites you.
* * * LOW HITPOINT WARNING * * *
The steam dragon misses you. You block the gnoll bouda's attack.
The steam dragon breathes steam at you. The ball of steam hits you!!
You die...
Xom roars with laughter!

##..~~~~~~~~ .......
#..#~~~~~~~ .......
###.##~~P~P~ .......
####.~..##~~♣♣~ .......
#.P~~~..>....## .......
###.P~~~♣......#
.......###....~P♣.......#
?.....gD##.#####........#
#g§h.#####........#
####§........)...##
#####...#.)...###
##...##.#......
##...##.....#.?#
#..#.)........##
##.##.#.#.÷....##
#...............#
###...............#


You could see a steam dragon (catching breath), a gnoll bouda and a gnoll
(swift).

Vanquished Creatures
  Pikel (D:4)
  A meliai (shapeshifter) (D:3)
  Grinder (D:3)
  Menkaure (D:6)
  Edmund (D:4)
  A sky beast (D:6)
  2 ogres (D:6)
  A centaur (D:6)
  A kobold brigand (D:5)
  A bullfrog (D:6)
  A scorpion (D:4)
  A howler monkey (D:4)
  5 electric eels (D:6)
  3 orc priests
  5 hounds
  2 gnoll boudas
  A sleepcap (D:6)
  Jessica (D:2)
  2 iguanas
  Ijyb (D:3)
  3 orc wizards (D:5)
  20 gnolls
  9 adders
  2 ufetubi (D:5)
  3 worms (D:3)
  3 dart slugs (D:1)
  19 orcs
  3 bats
  6 endoplasms
  2 giant cockroaches
  6 goblins
  7 hobgoblins
  8 kobolds
  A quokka (D:1)
  6 ball pythons
  3 frilled lizards
  3 rats
137 creatures vanquished.

Vanquished Creatures (collateral kills)
  Robin (D:2)
  2 gnolls (D:2)
  6 goblins (D:2)
  A hobgoblin (D:2)
10 creatures vanquished.

Vanquished Creatures (others)
  A gnoll (D:6)
1 creature vanquished.

Grand Total: 148 creatures vanquished

Notes
Turn   | Place    | Note
-------+----------+-------------------------------------------
     0 | D:1      | Xavori the Octopode Chaos Knight began the quest for the
                  | Orb.
     0 | D:1      | Reached XP level 1. HP: 16/16 MP: 1/1
    10 | D:1      | XOM: butterfly on damage
    83 | D:1      | Reached XP level 2. HP: 19/21 MP: 2/2
   219 | D:1      | Reached XP level 3. HP: 21/26 MP: 3/3
   452 | D:1      | XOM: noise
  1346 | D:1      | XOM: summons 2 hostile demons
  1347 | D:1      | Noticed a chaos spawn
  1359 | D:2      | Noticed Jessica
  1365 | D:2      | XOM: chaos upgrade
  1369 | D:2      | Killed Jessica
  1370 | D:2      | Reached XP level 4. HP: 9/32 MP: 0/4
  1621 | D:1      | XOM: torment (17/32 hp)
  1643 | D:1      | XOM: stat loss: -1 Str (10/11)
  2329 | D:1      | XOM: god gift: 39 gold pieces
  2996 | D:1      | XOM: god gift: book of Debilitation
  3050 | D:1      | XOM is BORED!
  3050 | D:1      | XOM: stat loss: -1 Str (9/11)
  3764 | D:1      | XOM: give mutations
  3764 | D:1      | Gained mutation: You are vulnerable to cold. (rC-) [Xom's
                  | mischief]
  3764 | D:1      | Gained mutation: Your mind is acute. (Int +4, Str/Dex -1)
                  | [Xom's mischief]
  4214 | D:1      | XOM: draining
  5336 | D:1      | XOM: god gift: wand of polymorph (5)
  6341 | D:1      | XOM is BORED!
  6341 | D:1      | XOM: stat loss: -1 Int (17/18)
  6399 | D:1      | Identified the +0 hat "Kaf Mama" {rPois Str+3} (Xom gifted
                  | it to you on level 1 of the Dungeon)
  6399 | D:1      | XOM: god gift: +0 hat "Kaf Mama" {rPois Str+3}
  6434 | D:2      | XOM: scenery: 1 doors close
  6595 | D:2      | Reached skill level 1 in Shapeshifting
  6597 | D:2      | Noticed Robin
  6601 | D:2      | Killed Robin
  6602 | D:2      | Reached XP level 5. HP: 21/36 MP: 5/5
  7208 | D:3      | XOM: give mutation
  7208 | D:3      | Gained mutation: You are partially covered in iridescent
                  | scales. (AC +2) [Xom's grace]
  7299 | D:3      | a gnoll changed into a glowing shapeshifter
  7299 | D:3      | Noticed a glowing shapeshifter (glowing shapeshifter)
  7299 | D:3      | XOM: polymorph gnoll -> glowing shapeshifter
  7299 | D:3      | a glowing shapeshifter changed into a dream sheep
  7299 | D:3      | Noticed a dream sheep (glowing shapeshifter)
  7301 | D:3      | a dream sheep changed into a merfolk
  7301 | D:3      | Noticed a merfolk (glowing shapeshifter)
  7305 | D:3      | XOM: butterfly on damage
  7307 | D:3      | XOM: summons 2 friendly demons
  7308 | D:3      | a merfolk changed into a dream sheep
  7308 | D:3      | Noticed a dream sheep (glowing shapeshifter)
  7309 | D:3      | a dream sheep changed into a swamp worm
  7309 | D:3      | Noticed a swamp worm (glowing shapeshifter)
  7310 | D:3      | XOM: potion effect (might)
  7319 | D:3      | Noticed a lindwurm
  7324 | D:3      | Noticed a moth of wrath
  7632 | D:3      | Noticed Grinder
  7634 | D:3      | XOM: divination: detect items
  7641 | D:3      | Killed Grinder
  7642 | D:3      | Reached XP level 6. HP: 31/44 MP: 6/6
  7852 | D:3      | Noticed Ijyb
  7860 | D:3      | Killed Ijyb
  7894 | D:3      | XOM: god gift: 39 gold pieces
  7896 | D:3      | Noticed a swamp drake
  8074 | D:3      | XOM: noise
  8096 | D:3      | Found a shadowy altar of Dithmenos.
  8096 | D:3      | Found a stormy altar of Qazlal.
  8230 | D:3      | Noticed a hornet
  8230 | D:3      | a hornet changed into an entropy weaver
  8230 | D:3      | Noticed an entropy weaver (glowing shapeshifter)
  8234 | D:3      | an entropy weaver changed into a meliai
  8234 | D:3      | Noticed a meliai (glowing shapeshifter)
  8240 | D:3      | Killed a meliai
  8241 | D:3      | Reached skill level 5 in Fighting
  8241 | D:3      | Reached skill level 5 in Short Blades
  8241 | D:3      | Reached XP level 7. HP: 50/50 MP: 7/7
  8444 | D:4      | XOM: divination: detect items
  8603 | D:4      | XOM: silly message
  8625 | D:4      | Found a staircase to the Ecumenical Temple.
  8654 | D:4      | Noticed Edmund
  8666 | D:4      | XOM: smoke on damage
  8670 | D:4      | Killed Edmund
  8671 | D:4      | Reached skill level 5 in Dodging
  8671 | D:4      | Reached XP level 8. HP: 16/56 MP: 8/8
  9124 | D:5      | Entered Level 5 of the Dungeon
  9734 | D:5      | XOM: scenery: 1 doors open, 1 doors close
  9817 | D:5      | Noticed Pikel
  9834 | D:4      | Killed Pikel
  9835 | D:4      | Reached XP level 9. HP: 49/63 MP: 9/9
  9961 | D:6      | XOM: divination: detect creatures
 10021 | D:6      | XOM: silly message
 10038 | D:6      | Reached skill level 5 in Shapeshifting
 10052 | D:6      | XOM: potion effect (berserk rage)
 10053 | D:6      | XOM: silly message
 10191 | D:6      | XOM: divination: detect items
 10194 | D:6      | XOM: silly message
 10196 | D:6      | Found Dumuihico's Tiny Tomes.
 10324 | D:6      | XOM: cast spell 'Disjunction'
 10330 | D:6      | XOM: silly message
 10709 | D:6      | Noticed Menkaure
 10731 | D:6      | Killed Menkaure
 10734 | D:6      | Killed from afar by a steam dragon

Illustrated notes

Levels and vault maps discovered:
D:1:      ebering_hopf_link, layout_rooms, hangedman_abyss_or_decor_stabs,
          palyth_stone_intersect
D:2:      layout_basic, kennysheep_generic_room_14, uniq_jessica, uniq_robin
D:3:      layout_loops_ring, gammafunk_temple_overflow_statue, hex_medium,
          hangedman_decor_points, uniq_ijyb, uniq_grinder
D:4:      layout_loops_ring, minmay_temple_entry_hall, nrook_uturn, uniq_edmund
D:5:      layout_gridville, serial_park_tiny_pond, uniq_pikel
D:6:      layout_rooms, serial_bayou, serial_bayou_lake_a, serial_bayou_pond_d,
          serial_bayou_lagoon_b, serial_bayou_shore_b,
          nicolae_shop_i_like_small_books_too, uniq_menkaure

Skill      XL: |  1  2  3  4  5  6  7  8  9 |
---------------+----------------------------+-----
Dodging        | 3 4 5 6 |  6.9
Shapeshifting  | 1 2 3 4 5 |  5.6
Fighting       | 4 5 6 7 |  7.2
Short Blades   | 4 5 6 7 |  7.2

Action                     |  1- 3 |  4- 6 |  7- 9 || total
---------------------------+-------+-------+-------++-------
  Melee: Short sword       |    50 |    75 |   278 ||   403
         Constrict         |    14 |    19 |    62 ||    95
         Tentacles         |    12 |    18 |    82 ||   112
         Punch             |     1 |       |     8 ||     9
  Evoke: Wand              |       |     1 |       ||     1
    Use: Potion            |       |     2 |       ||     2
         Scroll            |       |       |    13 ||    13
   Stab: Sleeping          |     5 |     4 |     7 ||    16
 Armour: Skin              |    18 |    25 |   168 ||   211
  Dodge: Dodged            |    15 |    29 |   124 ||   168
  Block: Other             |     1 |    12 |       ||    13
         Kite shield       |       |       |   113 ||   113
         Reflection        |       |       |     1 ||     1
   Form: Beast             |     1 |       |       ||     1

Table legend: (Time is in decaauts)
 A = Elapsed time spent in this place.
 B = Non-inter-level travel time spent in this place.
 C = Inter-level travel time spent in this place.
 D = Time resting spent in this place.
 E = Time spent auto-exploring this place.
 F = Levels seen in this place.
 G = Mean time per level.
                   A        B        C        D        E       F      G
               +--------+--------+--------+--------+--------+-----+--------+
         Total |  10721 |  10563 |    158 |   6426 |   3123 |   6 | 1786.8 |
       Dungeon |  10721 |  10563 |    158 |   6426 |   3123 |   6 | 1786.8 |
               +--------+--------+--------+--------+--------+-----+--------+

Top non-repeatable levels by time:
     D:1: 6330 daAuts
     D:3: 1226 daAuts
     D:5: 981 daAuts
     D:2: 799 daAuts
     D:4: 761 daAuts
     D:6: 621 daAuts
